Construct Section Command Post
Selects Australian Defense Battlegroup
Selects Australian Light Infantry Section
Selects 2-pounder Anti-tank Gun Team
2-pounder Anti-tank Gun Team
Construct Platoon Command Post
Australian Light Infantry Section
Selects CMP 15cwt Supply Run
Selects Reinforced Resource Caches
Construct Company Command Post
Selects Archer Tank Destroyer
Unlock M3 Grant Medium Tanks
Unlock Bishop Self-propelled Artillery
Selects Vehicle Over Repair
Bishop Self-propelled Artillery
6-pounder Anti-tank Gun Team